 Dungeon Crawl Stone Soup version 0.32-a0-986-ga09f62fbf4 (webtiles) character file.

Game seed: 15776382128463179876

97 elagabalus the Poker (level 4, 33/33 HPs)
             Began as a Merfolk Gladiator on Apr 21, 2024.
             Quit the game on level 3 of the Dungeon.
             The game lasted 00:11:07 (2073 turns).

elagabalus the Poker (Merfolk Gladiator)            Turns: 2073, Time: 00:11:08

Health: 33/33      AC:  5    Str: 16    XL:     4   Next: 68%
Magic:  4/4        EV: 12    Int:  7    God:
Gold:   121        SH:  0    Dex: 15    Spells: 3/3 levels left

rFire   . . .        a - +0 trident
rCold   . . .        (no shield)
rNeg    . . .        b - +0 leather armour
rPois   .            c - +0 helmet
rElec   .            (no cloak)
rCorr   .            (no gloves)
SInv    .            k - +0 pair of boots
Will    .....        (no amulet)
Stlth   +            (no ring)
HPRegen 0.25/turn    (no ring)
MPRegen 0.09/turn

%: no passive effects
@: no status effects
A: (nimble swimmer 2), mertail
a: no special abilities


You were on level 3 of the Dungeon.
You visited 1 branch of the dungeon, and saw 3 of its levels.

You collected 121 gold pieces.

Inventory:

Hand Weapons
 a - a +0 trident (weapon)
Missiles
 d - 3 throwing nets (quivered)
 e - 5 javelins
Armour
 b - a +0 leather armour (worn)
 c - a +0 helmet (worn)
 k - a +0 pair of boots (worn)
Magical Staves
 l - the staff of Disintegration {rPois rF+ Str+4 Fire Alchemy}
   (You found it on level 3 of the Dungeon)

   [staff of fire]

   Base accuracy: +5 Base damage: 5 Base attack delay: 1.2 This weapon's minimum
   attack delay (0.6) is reached at skill level 12.
   Str+4:     It affects your strength (+4).
   rF+:       It protects you from fire.
   rPois:     It protects you from poison.
   Fire:      It increases the power of your Fire spells.
   Alchemy:   It increases the power of your Alchemy spells.
   It falls into the 'Staves' category.
   It is a one-handed weapon.
Scrolls
 i - a scroll of butterflies
 m - a scroll of noise {unknown}
Potions
 f - 3 potions of attraction
 g - a potion of cancellation
 h - a potion of ambrosia {unknown}
 j - a potion of enlightenment {unknown}


   Skills:
 - Level 2.1 Fighting
 * Level 7.0 Polearms
 - Level 2.0 Throwing
 - Level 4.0 Dodging


You had 3 spell levels left.
You didn't know any spells.
Your spell library contained the following spells:

 Spells                   Type           Power      Damage    Failure   Level
 Summon Forest            Summ/Tloc      0%         N/A       100%        5
 Eringya's Noxious Bog    Alch           0%         4d6       100%        6
 Summon Hydra             Summ           0%         N/A       100%        7


Dungeon Overview and Level Annotations

Branches:
Dungeon (3/15)

Altars:
Dithmenos


Innate Abilities, Weirdness & Mutations

((You are very nimble when in or above water. (Stealth+, EV+, Speed+++)))
Your lower body shifts to a powerful aquatic tail in water.


Message History

No target in view!
No target in view!
No target in view!
You see here a +0 dagger.
A hobgoblin comes into view.
The hobgoblin shouts!
You reach to attack!
You barely miss the hobgoblin.
You reach to attack!
You barely miss the hobgoblin. You barely miss the hobgoblin.
The hobgoblin hits you but does no damage.
You hit the hobgoblin but do no damage. The hobgoblin closely misses you.
You hit the hobgoblin.
The hobgoblin is severely wounded.
The hobgoblin hits you.
You hit the hobgoblin.
The hobgoblin is almost dead.
The hobgoblin closely misses you.
You closely miss the hobgoblin.
The hobgoblin is almost dead.
The hobgoblin barely misses you.
You hit the hobgoblin but do no damage.
The hobgoblin is almost dead.
The hobgoblin barely misses you.
You hit the hobgoblin.
You kill the hobgoblin!
No target in view!
No target in view!
No target in view!
No target in view!
You open the door.
Found a scroll labelled TUCSAG DINI.
Found a pair of boots.
m - a scroll labelled TUCSAG DINI You see here a +0 pair of boots.
n - a +0 pair of boots You drop a +0 pair of boots.
Saving game... please wait.
Welcome back, elagabalus the Merfolk Gladiator.
Press ? for a list of commands and other information.
Are you sure you want to abandon this character and quit the game? (Confirm with "yes".)

.# ##. ... ........# #
.# .. #..##...# .# ..
#. #...###### .# .# #
#...#..... .# .#####
#.###.....
.#############...... ..
#..... .'............#
#.....
.########.###.#########
#..... .###
#.#.....@.....# #.....
...# #.#.#.#######.#
#..... .#.#
####.#...#######.#
#.....
...###........#.......#
######
.#.#....#.#.#.#.#####[#
...####.......#.# #.#
.#.# #.#.#.#...# ###
...####.........#
.#......#.#.#...#


There were no monsters in sight!

Vanquished Creatures
  4 adders
  A dart slug (D:2)
  3 ribbon worms
  An orc (D:3)
  5 endoplasms
  A giant cockroach (D:3)
  6 goblins
  5 hobgoblins
  2 jackals (D:2)
  6 kobolds
  3 quokkas (D:2)
  6 ball pythons
  2 bats
  A frilled lizard (D:2)
  2 rats
48 creatures vanquished.

Notes
Turn   | Place    | Note
-------+----------+-------------------------------------------
     0 | D:1      | elagabalus the Merfolk Gladiator began the quest for the
                  | Orb.
     0 | D:1      | Reached XP level 1. HP: 16/16 MP: 1/1
    83 | D:1      | Reached XP level 2. HP: 22/22 MP: 2/2
   312 | D:1      | Found a faded altar of an unknown god.
   399 | D:1      | Reached skill level 5 in Polearms
   915 | D:2      | Reached XP level 3. HP: 9/27 MP: 3/3
  1215 | D:2      | Reached skill level 6 in Polearms
  1546 | D:3      | Reached XP level 4. HP: 30/33 MP: 4/4
  1571 | D:3      | Found a shadowy altar of Dithmenos.
  1761 | D:3      | Identified the staff of Disintegration {rPois rF+ Str+4
                  | Fire Alchemy}
  1984 | D:3      | Reached skill level 7 in Polearms
  2073 | D:3      | Quit the game

Illustrated notes

Levels and vault maps discovered:
D:1:      shiori_arrival_oz, layout_basic, dreamdust_ecumenical_altar_grove
D:2:      layout_basic
D:3:      layout_basic, grunt_dithmenos_smoke_and_mirrors, serial_glass,
          glass_columns_b, glass_columns_b, glass_columns_c, feat_on_display,
          feat_on_display, nrook_mini_vaults, kennysheep_big_empty_room

Skill      XL: |  1  2  3  4 |
---------------+-------------+-----
Polearms       | 5 6 7 |  7.0
Fighting       | |  2.1
Throwing       | |  2.0
Dodging        | |  4.0

Action                     |  1- 3 |  4- 6 || total
---------------------------+-------+-------++-------
  Melee: Trident           |   121 |    49 ||   170
    Use: Scroll            |     3 |       ||     3
   Stab: Sleeping          |     1 |       ||     1
 Armour: Leather armour    |    61 |    15 ||    76
  Dodge: Dodged            |    60 |    26 ||    86

Table legend: (Time is in decaauts)
 A = Elapsed time spent in this place.
 B = Non-inter-level travel time spent in this place.
 C = Inter-level travel time spent in this place.
 D = Time resting spent in this place.
 E = Time spent auto-exploring this place.
 F = Levels seen in this place.
 G = Mean time per level.
                   A        B        C        D        E       F      G
               +--------+--------+--------+--------+--------+-----+--------+
         Total |   2074 |   1955 |    119 |      0 |      0 |   3 |  691.3 |
       Dungeon |   2074 |   1955 |    119 |      0 |      0 |   3 |  691.3 |
               +--------+--------+--------+--------+--------+-----+--------+

Top non-repeatable levels by time:
     D:2: 819 daAuts
     D:1: 710 daAuts
     D:3: 544 daAuts
